TOP OF THE 1ST |
Jersey City Tritons batting - Pitching for Pawnee ParksNRec : LHP Domingo Montémayor
|
Pitching: LHP Domingo Montémayor
|
|
Batting: RHB Rubén Arce
|
0-0: Ball 1-0: Ball 2-0: Ball 3-0: Base on Balls
|
Batting: RHB Phil Oostermeer
|
0-0: Ball Rubén Arce is caught stealing 2nd base 1-0: Ball 2-0: Ball 3-0: Called Strike 3-1: Base on Balls
|
Batting: LHB Dana Waldrip
|
0-0: Called Strike 0-1: Ball 1-1: Ball Pickoff Throw by Catcher to First - Error! E2 Phil Oostermeer to second 2-1: Fly out, F8 (Flyball, 8LXD) Runner from 2nd tags up, SAFE at 3rd, no throw
|
Batting: RHB Carlos Rúbio
|
0-0: Fly out, F8 (Flyball, 8LD)
|
Top of the 1st over - 0 runs, 0 hits, 1 error, 1 left on base; Jersey City 0 - Pawnee 0 |
BOTTOM OF THE 1ST |
Pawnee ParksNRec batting - Pitching for Jersey City Tritons : RHP Iwane Chihara
|
Pitching: RHP Iwane Chihara
|
|
Batting: RHB Nick Boyd
|
0-0: Ball 1-0: Swinging Strike 1-1: Ball 2-1: Ball 3-1: Called Strike 3-2: Base on Balls
|
Batting: RHB Dan Vanblarcom
|
0-0: Called Strike 0-1: Swinging Strike 0-2: Ball 1-2: Foul Ball, location: 2F 1-2: Fly out, F4 (Popup, 4S)
|
Batting: RHB Alan Patterson
|
0-0: Called Strike 0-1: Ground out 5-3 (Groundball, 56S) Nick Boyd to second
|
Batting: RHB Mike Lipide
|
0-0: Ball 1-0: Ball 2-0: Called Strike 2-1: Ground out 6-3 (Groundball, 6S)
|
Bottom of the 1st over - 0 runs, 0 hits, 0 errors, 1 left on base; Jersey City 0 - Pawnee 0 |
TOP OF THE 2ND |
Jersey City Tritons batting - Pitching for Pawnee ParksNRec : LHP Domingo Montémayor
|
Batting: RHB Wes Griffith
|
0-0: Ball 1-0: Called Strike 1-1: Swinging Strike 1-2: Strikes out swinging
|
Batting: RHB Júlio Costa
|
0-0: Ball 1-0: Ball 2-0: Ball 3-0: Base on Balls
|
Batting: RHB Alfonso Morín
|
0-0: Ball 1-0: Called Strike 1-1: Foul Ball, location: 2F 1-2: Foul Ball, location: 2F 1-2: Ball 2-2: Foul Ball, location: 2F 2-2: Ball 3-2: Base on Balls Júlio Costa to second
|
Batting: RHB Micheal Lovell
|
0-0: Foul Ball, location: 2F 0-1: Called Strike 0-2: SINGLE (Line Drive, 8LS) Júlio Costa to third Alfonso Morín to second
|
Batting: LHB Mathias Gudmestad
|
0-0: Ball 1-0: Ball 2-0: Ball 3-0: Called Strike 3-1: Called Strike 3-2: SINGLE (Groundball, 4MD) Júlio Costa scores Alfonso Morín to third Micheal Lovell to second
|
Batting: RHB Rubén Arce
|
0-0: Ball 1-0: Foul Ball, location: 2F 1-1: Swinging Strike 1-2: Ball 2-2: Fly out, F8 (Flyball, 89D) Runner from 3rd tags up, OUT at HOME
|
Top of the 2nd over - 1 run, 2 hits, 0 errors, 2 left on base; Jersey City 1 - Pawnee 0 |
BOTTOM OF THE 2ND |
Pawnee ParksNRec batting - Pitching for Jersey City Tritons : RHP Iwane Chihara
|
Batting: RHB Gustavo González
|
0-0: Called Strike 0-1: Called Strike 0-2: Strikes out looking
|
Batting: RHB Chad Silander
|
0-0: Ground out 4-3 (Groundball, 4)
|
Batting: LHB Ryan Marken
|
0-0: Called Strike 0-1: Swinging Strike 0-2: Ball 1-2: Fly out, F8 (Line Drive, 8RM)
|
Bottom of the 2nd over - 0 runs, 0 hits, 0 errors, 0 left on base; Jersey City 1 - Pawnee 0 |
TOP OF THE 3RD |
Jersey City Tritons batting - Pitching for Pawnee ParksNRec : LHP Domingo Montémayor
|
Batting: RHB Phil Oostermeer
|
0-0: Called Strike 0-1: Foul Ball, location: 2F 0-2: Strikes out looking
|
Batting: LHB Dana Waldrip
|
0-0: Called Strike 0-1: Foul Ball, location: 2F 0-2: Strikes out swinging
|
Batting: RHB Carlos Rúbio
|
0-0: Called Strike 0-1: Called Strike 0-2: Fly out, F8 (Flyball, 8LXD)
|
Top of the 3rd over - 0 runs, 0 hits, 0 errors, 0 left on base; Jersey City 1 - Pawnee 0 |
BOTTOM OF THE 3RD |
Pawnee ParksNRec batting - Pitching for Jersey City Tritons : RHP Iwane Chihara
|
Batting: SHB Dave Gant
|
0-0: Ball 1-0: Ball 2-0: Foul Ball, location: 2F 2-1: Ground out 5-3 (Groundball, 5S)
|
Batting: RHB Chip Mullaney
|
0-0: SINGLE (Groundball, 56D)
|
Batting: RHB Nick Boyd
|
0-0: Ball 1-0: Called Strike 1-1: Ball 2-1: Grounds into double play, 4-6-3 (Groundball, 4)
|
Bottom of the 3rd over - 0 runs, 1 hit, 0 errors, 0 left on base; Jersey City 1 - Pawnee 0 |
TOP OF THE 4TH |
Jersey City Tritons batting - Pitching for Pawnee ParksNRec : LHP Domingo Montémayor
|
Batting: RHB Wes Griffith
|
0-0: Called Strike 0-1: Ball 1-1: Foul Ball, location: 2F 1-2: Ball 2-2: Ball 3-2: Base on Balls
|
Batting: RHB Júlio Costa
|
0-0: Called Strike 0-1: Ball 1-1: Foul Ball, location: 2F 1-2: Fly out, F9 (Flyball, 9S)
|
Batting: RHB Alfonso Morín
|
0-0: Ground out 3-1 (Groundball, 2R) Wes Griffith to second
|
Batting: RHB Micheal Lovell
|
0-0: Called Strike 0-1: Ground out U3 (Groundball, 3L)
|
Top of the 4th over - 0 runs, 0 hits, 0 errors, 1 left on base; Jersey City 1 - Pawnee 0 |
BOTTOM OF THE 4TH |
Pawnee ParksNRec batting - Pitching for Jersey City Tritons : RHP Iwane Chihara
|
Batting: RHB Dan Vanblarcom
|
0-0: Ball 1-0: Ground out 6-3 (Groundball, 6)
|
Batting: RHB Alan Patterson
|
0-0: Ball 1-0: Ball 2-0: SINGLE (Groundball, 4MD)
|
Batting: RHB Mike Lipide
|
0-0: Ball Balk! Alan Patterson to second 1-0: Foul Ball, location: 2F 1-1: Foul Ball, location: 2F 1-2: Foul Ball, location: 2F 1-2: Ground out 4-3 (Groundball, 4) Alan Patterson to third
|
Batting: RHB Gustavo González
|
0-0: 2-RUN HOME RUN (Line Drive, 7LD), Distance : 359 ft
|
Batting: RHB Chad Silander
|
0-0: Ball 1-0: SINGLE (Line Drive, 6M)
|
Batting: LHB Ryan Marken
|
0-0: Swinging Strike 0-1: Swinging Strike 0-2: Ball 1-2: Foul Ball, location: 2F 1-2: Fly out, F7 (Flyball, 7LM)
|
Bottom of the 4th over - 2 runs, 3 hits, 0 errors, 1 left on base; Jersey City 1 - Pawnee 2 |
TOP OF THE 5TH |
Jersey City Tritons batting - Pitching for Pawnee ParksNRec : LHP Domingo Montémayor
|
Batting: LHB Mathias Gudmestad
|
0-0: Ball 1-0: Fly out, F4 (Line Drive, 4)
|
Batting: RHB Rubén Arce
|
0-0: Ground out 6-3 (Groundball, 6)
|
Batting: RHB Phil Oostermeer
|
0-0: Called Strike 0-1: Reached on error, E3 (Groundball, 3L)
|
Batting: LHB Dana Waldrip
|
0-0: Ball 1-0: Called Strike 1-1: Ball 2-1: Ground out U3 (Groundball, 3)
|
Top of the 5th over - 0 runs, 0 hits, 1 error, 1 left on base; Jersey City 1 - Pawnee 2 |
BOTTOM OF THE 5TH |
Pawnee ParksNRec batting - Pitching for Jersey City Tritons : RHP Iwane Chihara
|
Batting: SHB Dave Gant
|
0-0: Called Strike 0-1: Ball 1-1: DOUBLE (Flyball, 8LD)
|
Batting: RHB Chip Mullaney
|
0-0: Called Strike 0-1: Ground out 4-3 (Groundball, 4S) Dave Gant to third
|
Batting: RHB Nick Boyd
|
0-0: Called Strike 0-1: Ball 1-1: Squeeze Bunt - play at first, runner scores, batter safe! Dave Gant scores
|
Batting: RHB Dan Vanblarcom
|
0-0: Ball 1-0: Called Strike 1-1: Ball 2-1: Called Strike 2-2: Strikes out swinging
|
Batting: RHB Alan Patterson
|
0-0: Ball 1-0: Ball 2-0: SINGLE (Groundball, 4S) (infield hit) Nick Boyd to second
|
Batting: RHB Mike Lipide
|
0-0: Foul Ball, location: 2F 0-1: Foul Ball, location: 2F 0-2: Ball 1-2: Foul Ball, location: 2F 1-2: Foul Ball, location: 2F 1-2: SINGLE (Flyball, 8LS) Nick Boyd to third Alan Patterson to second Runner from 3rd tries for Home, SAFE, no throw
|
Batting: RHB Gustavo González
|
0-0: Ball 1-0: Fly out, F9 (Flyball, 89XD)
|
Bottom of the 5th over - 2 runs, 4 hits, 0 errors, 2 left on base; Jersey City 1 - Pawnee 4 |
TOP OF THE 6TH |
Jersey City Tritons batting - Pitching for Pawnee ParksNRec : LHP Domingo Montémayor
|
Batting: RHB Carlos Rúbio
|
0-0: Ball 1-0: Ball 2-0: Called Strike 2-1: Ball 3-1: Base on Balls
|
Batting: RHB Wes Griffith
|
0-0: Ball 1-0: Called Strike 1-1: Ball 2-1: Called Strike 2-2: Strikes out looking
|
Batting: RHB Júlio Costa
|
0-0: Ball 1-0: Foul Ball, location: 2F 1-1: Ball 2-1: Ball 3-1: Foul Ball, location: 2F 3-2: Base on Balls Carlos Rúbio to second
|
Batting: RHB Alfonso Morín
|
0-0: Ball 1-0: Fly out, F8 (Flyball, 8RXD) Runner from 2nd tags up, SAFE at 3rd, no throw
|
Batting: RHB Micheal Lovell
|
0-0: Ground out 4-3 (Groundball, 4)
|
Top of the 6th over - 0 runs, 0 hits, 0 errors, 2 left on base; Jersey City 1 - Pawnee 4 |
BOTTOM OF THE 6TH |
Pawnee ParksNRec batting - Pitching for Jersey City Tritons : RHP Iwane Chihara
|
Batting: RHB Chad Silander
|
0-0: Ball 1-0: Ball 2-0: Called Strike 2-1: Ball 3-1: Called Strike 3-2: Fly out, F8 (Flyball, 8RM)
|
Batting: LHB Ryan Marken
|
0-0: Ball 1-0: Fly out, F9 (Flyball, 9S)
|
Batting: SHB Dave Gant
|
0-0: Ball 1-0: Ball 2-0: Ball 3-0: Base on Balls
|
Batting: RHB Chip Mullaney
|
0-0: Called Strike 0-1: Ball 1-1: Called Strike 1-2: Foul Ball, location: 2F 1-2: Foul Ball, location: 2F 1-2: Ball 2-2: Ball 3-2: Foul Ball, location: 2F 3-2: SINGLE (Flyball, 7LS) Dave Gant to second Dave Gant to third
|
Batting: RHB Nick Boyd
|
0-0: Foul Ball, location: 2F 0-1: Ball 1-1: Ground out 1-3 (Groundball, 13S)
|
Bottom of the 6th over - 0 runs, 1 hit, 0 errors, 2 left on base; Jersey City 1 - Pawnee 4 |
TOP OF THE 7TH |
Jersey City Tritons batting - Pitching for Pawnee ParksNRec : LHP Domingo Montémayor
|
Batting: LHB Mathias Gudmestad
|
0-0: Called Strike 0-1: Foul Ball, location: 2F 0-2: Ball 1-2: Strikes out swinging
|
Batting: RHB Rubén Arce
|
0-0: Hit by Pitch
|
Pitching: RHP Jeff Pearce
|
|
Batting: RHB Phil Oostermeer
|
0-0: Called Strike Rubén Arce steals 2nd base 0-1: Foul Ball, location: 2F 0-2: Fly out, F8 (Line Drive, 8LD) Runner from 2nd tags up, SAFE at 3rd with throw
|
Batting: LHB Dana Waldrip
|
0-0: SINGLE (Line Drive, 89S) Rubén Arce scores
|
Batting: RHB Carlos Rúbio
|
0-0: Called Strike 0-1: Ball Dana Waldrip steals 2nd base 1-1: Ball 2-1: Swinging Strike 2-2: Ball 3-2: Foul Ball, location: 2F 3-2: Base on Balls
|
Pinch Hitting: LHB Víctor Robledo
|
0-0: Fly out, F8 (Flyball, 8LM)
|
Top of the 7th over - 1 run, 1 hit, 0 errors, 2 left on base; Jersey City 2 - Pawnee 4 |
BOTTOM OF THE 7TH |
Pawnee ParksNRec batting - Pitching for Jersey City Tritons : RHP Iwane Chihara
|
Pitching: RHP Kenny Makris
|
|
Now at 1B: Víctor Robledo
|
|
Batting: RHB Dan Vanblarcom
|
0-0: Called Strike 0-1: Swinging Strike 0-2: Ball 1-2: Ball 2-2: Ground out 3-1 (Groundball, 34)
|
Batting: RHB Alan Patterson
|
0-0: Called Strike 0-1: Swinging Strike 0-2: Ball 1-2: Strikes out swinging
|
Batting: RHB Mike Lipide
|
0-0: Fly out, F7 (Flyball, 78S)
|
Bottom of the 7th over - 0 runs, 0 hits, 0 errors, 0 left on base; Jersey City 2 - Pawnee 4 |
TOP OF THE 8TH |
Jersey City Tritons batting - Pitching for Pawnee ParksNRec : RHP Jeff Pearce
|
Batting: RHB Júlio Costa
|
0-0: Ball 1-0: Called Strike 1-1: Called Strike 1-2: Strikes out swinging
|
Batting: RHB Alfonso Morín
|
0-0: Called Strike 0-1: Ball 1-1: Ball 2-1: Foul Ball, location: 2F 2-2: Strikes out looking
|
Batting: RHB Micheal Lovell
|
0-0: Ground out 5-3 (Groundball, 56)
|
Top of the 8th over - 0 runs, 0 hits, 0 errors, 0 left on base; Jersey City 2 - Pawnee 4 |
BOTTOM OF THE 8TH |
Pawnee ParksNRec batting - Pitching for Jersey City Tritons : RHP Kenny Makris
|
Batting: RHB Gustavo González
|
0-0: Foul Ball, location: 2F 0-1: SINGLE (Line Drive, 34)
|
Batting: RHB Chad Silander
|
0-0: Sac Bunt - play at first, batter OUT! 2-3 Gustavo González to second
|
Batting: LHB Ryan Marken
|
0-0: Foul Ball, location: 2F 0-1: Ball 1-1: Ball 2-1: SINGLE (Line Drive, 8LS) Gustavo González to third
|
Batting: SHB Dave Gant
|
0-0: Ball 1-0: Ball 2-0: Ball 3-0: Called Strike 3-1: Foul Ball, location: 2F 3-2: SINGLE (Line Drive, 8RS) Gustavo González scores Ryan Marken to second
|
Batting: RHB Chip Mullaney
|
0-0: Ball 1-0: Swinging Strike 1-1: Ground out 4-3 (Groundball, 4S) Ryan Marken to third Dave Gant to second
|
Batting: RHB Nick Boyd
|
0-0: Called Strike 0-1: Ball 1-1: Called Strike 1-2: Ball 2-2: Foul Ball, location: 2F 2-2: Ball 3-2: Strikes out swinging
|
Bottom of the 8th over - 1 run, 3 hits, 0 errors, 2 left on base; Jersey City 2 - Pawnee 5 |
TOP OF THE 9TH |
Jersey City Tritons batting - Pitching for Pawnee ParksNRec : RHP Jeff Pearce
|
Pitching: RHP Justin Barber
|
|
Batting: LHB Mathias Gudmestad
|
0-0: Called Strike 0-1: SINGLE (Flyball, 9LS)
|
Batting: RHB Rubén Arce
|
0-0: Called Strike 0-1: Ball 1-1: Swinging Strike 1-2: Ball 2-2: Ground out U3 (Groundball, 34) Mathias Gudmestad to second
|
Batting: RHB Phil Oostermeer
|
0-0: Swinging Strike 0-1: Foul Ball, location: 2F 0-2: Ball 1-2: Ball 2-2: DOUBLE (Flyball, 89D) Mathias Gudmestad scores
|
Batting: LHB Dana Waldrip
|
0-0: Called Strike 0-1: Hit by Pitch
|
Batting: RHB Carlos Rúbio
|
0-0: Swinging Strike 0-1: Ball 1-1: Called Strike 1-2: Grounds into double play, 1-6-3 (Groundball, 13)
|
Top of the 9th over - 1 run, 2 hits, 0 errors, 1 left on base; Jersey City 3 - Pawnee 5 |
|